 Dungeon Crawl Stone Soup version 0.18-a0-1677-g2bdad6c (webtiles) character file.

161 Oddball22 the Skirmisher (level 5, -9/43 HPs)
             Began as a Formicid Fighter on Apr 2, 2016.
             Mangled by an ogre
             ... wielding a +0 giant club
              (18 damage)
             ... on level 3 of the Dungeon.
             The game lasted 00:03:52 (1976 turns).

Oddball22 the Skirmisher (Formicid Fighter)         Turns: 1976, Time: 00:03:52

Health: -9/43      AC:  6    Str: 21    XL:     5   Next: 70%
Magic:  5/5        EV:  7    Int:  7    God:
Gold:   64         SH:  9    Dex: 11    Spells: 0 memorised, 4 levels left

rFire  . . .     SeeInvis +     t - +1 war axe (vamp)
rCold  . . .     Gourm    .     b - +0 scale mail
rNeg   . . .     Faith    .     c - +0 shield
rPois  .         Spirit   .     (helmet unavailable)
rElec  .         Dismiss  .     (no cloak)
rCorr  .         Reflect  .     (no gloves)
SustAt .         Harm     .     (no boots)
MR     .....                    (no amulet)
Stlth  ..........               (no ring)
                                (no ring)

@: drained, not resistant to hostile enchantments, extremely unstealthy
A: permanent stasis, dig shafts and tunnels, four strong arms, antennae 3
a: Dig, Shaft Self


You were on level 3 of the Dungeon.
You were not hungry.

You visited 1 branch of the dungeon, and saw 3 of its levels.

You collected 64 gold pieces.

Inventory:

Hand Weapons
 a - a +0 war axe
 t - a +1 vampiric war axe (weapon)
Armour
 b - a +0 scale mail (worn)
 c - a +0 shield (worn)
Wands
 p - a wand of flame (19/48)
Scrolls
 g - a scroll of noise {unknown}
 h - 3 scrolls of identify {unknown}
 l - 2 scrolls of remove curse {unknown}
 u - a scroll of enchant armour {unknown}
Potions
 d - a potion of might
 e - 2 potions of mutation {unknown}
 i - 4 potions of curing {unknown}
 k - a potion of agility {unknown}
 q - a potion of haste {unknown}
 r - a potion of berserk rage {unknown}
 s - a potion of magic {unknown}
Comestibles
 f - a bread ration
 j - a meat ration
 m - a slice of pizza
 n - a chunk of flesh
 o - a beef jerky


   Skills:
 + Level 4.4(3.6) Fighting
 + Level 3.2(2.3) Axes
 + Level 4.3(3.5) Armour
 + Level 4.4(3.5) Shields


You had 4 spell levels left.
You didn't know any spells.

Dungeon Overview and Level Annotations

Branches:
Dungeon (3/15)

Altars:
Elyvilon
Fedhas
Pakellas


Innate Abilities, Weirdness & Mutations

You are under a permanent stasis effect.
You can dig through walls and to a lower floor.
Your four strong arms can wield two-handed weapons with a shield.
You have a pair of large antennae on your head (SInv).


Message History

You hit the ogre.
The ogre is lightly wounded.
The ogre hits you with a giant club.
You barely miss the ogre.
The ogre is lightly wounded.
The ogre barely misses you. The ogre hits you with a giant club!
Your scale mail prevents you from hitting the ogre.
The ogre is lightly wounded.
The ogre hits you with a giant club!
You hit the ogre.
The ogre is moderately wounded.
The ogre hits you with a giant club!
* * * LOW HITPOINT WARNING * * *
You completely miss the ogre.
The ogre is moderately wounded.
The ogre barely misses you.
You closely miss the ogre.
The ogre is moderately wounded.
The ogre hits you with a giant club!!
You die...

.# #.##.# .## #######.##.#
..#####..............#
.......># ######.##.#
..####..# #.##.# .##
#.##.# .# #>##.#####
.#####..###.#####.##......
.#.............O@.........
...........!#.###.####.###
.#.###.### ..# #.# .#.#
#.# #.# .#.###.# ## ##.
.......# # .####### { .#
.#######


You could see an ogre.

Vanquished Creatures
  A jelly (D:3)
  Ijyb (D:2)
  Jessica (D:2)
  An adder (D:2)
  A worm (D:2)
  3 dart slugs
  A giant gecko (D:1)
  5 orcs (D:3)
  2 giant cockroaches (D:2)
  10 goblins
  7 hobgoblins
  3 kobolds
  A quokka (D:2)
  9 bats
  4 giant newts
  4 rats
54 creatures vanquished.

Notes
Turn   | Place    | Note
--------------------------------------------------------------
     0 | D:1      | Oddball22 the Formicid Fighter began the quest for the Orb.
     0 | D:1      | Reached XP level 1. HP: 18/18 MP: 1/1
   194 | D:1      | Reached XP level 2. HP: 24/24 MP: 2/2
   571 | D:1      | Reached XP level 3. HP: 19/29 MP: 3/3
   833 | D:2      | Found a faded altar to an unknown god.
   856 | D:2      | Found a white marble altar of Elyvilon.
  1106 | D:2      | Noticed Jessica
  1113 | D:2      | Killed Jessica
  1113 | D:2      | Reached XP level 4. HP: 32/37 MP: 4/4
  1175 | D:2      | Noticed Ijyb
  1202 | D:2      | Killed Ijyb
  1202 | D:2      | Reached XP level 5. HP: 40/42 MP: 5/5
  1278 | D:2      | Found a blossoming altar of Fedhas.
  1880 | D:3      | Found an oddly glowing altar of Pakellas.
  1963 | D:3      | Noticed an ogre
  1976 | D:3      | Mangled by an ogre

Vault maps used:
D:1:      dpeg_arrival_line_fractal, kennysheep_another_room
D:2:      fedhas_altar_2, nicolae_overflow_crystal_walls, ecumenical_altar_1,
          st_stairs_5, uniq_jessica, uniq_iyjb
D:3:      old_standard_altar, gup_sewer_entry_spiral, first_bread

Skill      XL: |  1  2  3  4 |
---------------+-------------+-----
Shields        | 4 |  4.4
Fighting       | 4 |  4.4
Armour         | 4 |  4.3
Axes           | 3 |  3.2

Action                   |  1- 3 |  4- 6 || total
-------------------------+-------+-------++-------
Melee: War axe           |   107 |    90 ||   197
  Eat: Chunk             |     1 |     3 ||     4
       Bread ration      |       |     1 ||     1
